 Dungeon Crawl Stone Soup version 0.25.1-2-g60ff931df9 (webtiles) character file.

Game seed: 12441952621933874914

40 lepoulpe303 the Unweaver (level 3, -4/29 HPs)
             Began as a Demonspawn Abyssal Knight on Aug 5, 2020.
             Was a Follower of Lugonu.
             Slain by a gnoll
             ... wielding a +0 whip
              (5 damage)
             ... on level 2 of the Dungeon.
             The game lasted 00:03:13 (1050 turns).

lepoulpe303 the Unweaver (DsAK)                     Turns: 1050, Time: 00:03:14

Health: -4/29      AC:  6    Str: 13    XL:     3   Next: 30%
Magic:  5/5        EV:  9    Int: 13    God:    Lugonu [*.....]
Gold:   147        SH:  0    Dex: 12    Spells: 2/2 levels left

rFire    . . .     SeeInvis .   a - +1 falchion
rCold    . . .     Gourm    .   (no shield)
rNeg     . . .     Faith    .   b - +0 scale mail
rPois    .         Spirit   .   (helmet restricted)
rElec    .         Reflect  .   (no cloak)
rCorr    .         Harm     .   (no gloves)
MR       .....                  (no boots)
Stlth    ..........             (no amulet)
HPRegen  0.09/turn              (no ring)
MPRegen  0.09/turn              (no ring)

@: no status effects
A: antennae 1, demonic guardian 1
a: Depart the Abyss, Renounce Religion


You were on level 2 of the Dungeon.
You worshipped Lugonu.
Lugonu was aware of your devotion.
You were hungry.

You visited 1 branch of the dungeon, and saw 2 of its levels.
You visited the Abyss 1 time.

You collected 147 gold pieces.

Inventory:

Hand Weapons
 a - a +1 falchion (weapon)
 l - a +0 hunting sling
Missiles
 i - 7 poisoned darts (quivered)
Armour
 b - a +0 scale mail (worn)
Jewellery
 o - an uncursed ring of protection from magic {unknown}
Scrolls
 f - a scroll of enchant armour {unknown}
 g - a scroll of immolation {unknown}
 h - a scroll of noise {unknown}
 n - 2 scrolls of remove curse {unknown}
 p - a scroll of teleportation {unknown}
Potions
 c - 3 potions of mutation {unknown}
 j - a potion of heal wounds {unknown}
 k - a potion of lignification {unknown}
 m - a potion of curing {unknown}
Comestibles
 d - a chunk of flesh
 e - 2 rations


   Skills:
 + Level 3.1 Fighting
 * Level 2.4 Long Blades
 + Level 2.0 Armour
 + Level 1.3 Dodging
 * Level 3.2 Invocations


You had 2 spell levels left.
You didn't know any spells.
Your spell library was empty.

Dungeon Overview and Level Annotations

Branches:
Dungeon (2/15)

Altars:


Innate Abilities, Weirdness & Mutations

You have a pair of small antennae on your head.
A weak demonic guardian rushes to your aid.


Message History

The gnoll closely misses your quasit.
You regained 4 hp, and now have 24/29 hp.
MP restored: 5 You hit the gnoll.
You kill the gnoll!
You are feeling hungry.
Your quasit disappears in a puff of smoke!
You barely miss the gnoll. The gnoll barely misses you.
You hit the gnoll.
The gnoll hits you from afar with a +0 halberd.
The gnoll hits you with a +0 whip.
* * * LOW HITPOINT WARNING * * *
You take 11 damage, and have 13/29 hp.
MASSIVE DAMAGE!!
The gnoll closely misses you.
You hit the gnoll.
The gnoll hits you from afar with a +0 halberd!
* * * LOW HITPOINT WARNING * * *
The gnoll hits you with a +0 whip.
You die... ...####........#. .#..# #......... ... ..#.# #........# gg.

..#.###......... .g
..#...........# .g
.<..........#.# .# #
..........#.#.# .#.#
#รท(#.....)....#####(..####
.......###......@.g..!.(.#
###...........##.g.5......
.##.#####.....####........
.##.# ###..## ########.
.##.# #.... .##.# .......
.#### ......#.. ## ...(..


You could see 2 gnolls and a friendly shadow imp (summoned).

Levels and vault maps discovered:
D:1:      minmay_arrival_widening_spiral_wide, layout_basic
D:2:      layout_rooms, minmay_goblin_kobold_house

Notes
Turn   | Place    | Note
-------+----------+-------------------------------------------
     0 | Abyss:1  | lepoulpe303 the Demonspawn Abyssal Knight began the quest
                  | for the Orb.
     0 | Abyss:1  | Reached XP level 1. HP: 18/18 MP: 2/2
    23 | Abyss:1  | Found a corrupted altar of Lugonu.
    32 | Abyss:1  | Noticed a shadow
    66 | Abyss:3  | Identified a +0 club
    66 | Abyss:3  | Identified a +0 longbow
    66 | Abyss:3  | Noticed a satyr
    66 | Abyss:3  | Noticed a worldbinder
    66 | Abyss:3  | Identified a +0 rapier
    66 | Abyss:3  | Identified a +0 rapier
    66 | Abyss:3  | Identified a +0 leather armour
    66 | Abyss:3  | Noticed a deep elf blademaster
    66 | Abyss:3  | Identified a +0 whip
    66 | Abyss:3  | Identified a +2 robe of fire resistance
    66 | Abyss:3  | Noticed a rakshasa
    66 | Abyss:3  | Noticed a shambling mangrove
    67 | D:1      | Escaped the Abyss
   140 | D:1      | Identified a +0 club
   173 | D:1      | Identified a +0 ring mail (You found it on level 1 of the
                  | Dungeon)
   202 | D:1      | Reached skill level 1 in Dodging
   264 | D:1      | Reached skill level 2 in Long Blades
   360 | D:1      | Gained mutation: A weak demonic guardian rushes to your
                  | aid. [demonic ancestry]
   360 | D:1      | Reached XP level 2. HP: 23/24 MP: 4/4
   386 | D:1      | Identified a +0 dagger
   392 | D:1      | Reached * piety under Lugonu
   971 | D:2      | Identified a +0 scale mail (You found it on level 2 of the
                  | Dungeon)
  1032 | D:2      | Identified a cursed -2 spear
  1032 | D:2      | Identified a +0 whip
  1032 | D:2      | Identified a +0 halberd
  1033 | D:2      | Identified a +0 whip
  1037 | D:2      | Reached skill level 3 in Invocations
  1045 | D:2      | Reached skill level 2 in Armour
  1045 | D:2      | Gained mutation: You have a pair of small antennae on your
                  | head. [demonic ancestry]
  1045 | D:2      | Reached XP level 3. HP: 24/29 MP: 5/5
  1050 | D:2      | HP: 1/29 [gnoll/+0 halberd (13)]
  1050 | D:2      | Slain by a gnoll

Table legend:
 A = Turns spent in this place as a percentage of turns spent in the entire game.
 B = Non-inter-level travel turns spent in this place as a percentage of non-inter-level travel turns spent in the entire game.
 C = Inter-level travel turns spent in this place as a percentage of turns spent in this place.
 D = Turns resting spent in this place as a percentage of non-inter-level travel turns spent in this place.
 E = Turns spent auto-exploring this place as a percentage of non-inter-level travel turns spent in this place.
 F = Non-inter-level travel turns spent in this place divided by the number of levels of this place that you've seen.
                   A       B       C       D       E      F
               +-------+-------+-------+-------+-------+----------------------
         Total | 100.0 | 100.0 |   7.1 |   9.0 |  63.9 | 195.0
       Dungeon |  93.6 |  93.1 |   7.6 |   9.7 |  68.6 | 454.0
         Abyss |   6.4 |   6.9 |   0.0 |   0.0 |   0.0 |  22.3
               +-------+-------+-------+-------+-------+----------------------

Table legend:
 A = Kills in this place as a percentage of kills in entire the game.
 B = Kills by you in this place as a percentage of kills by you in the entire game.
 C = Kills by friends in this place as a percentage of kills by friends in the entire game.
 D = Other kills in this place as a percentage of other kills in the entire game.
 E = Experience gained in this place as a percentage of experience gained in the entire game.
 F = Experience gained in this place divided by the number of levels of this place that you have seen.
                   A       B       C       D       E      F
               +-------+-------+-------+-------+-------+----------------------
         Total | 100.0 | 100.0 | 100.0 |   N/A | 100.0 |  11.6
       Dungeon | 100.0 | 100.0 | 100.0 |   N/A | 100.0 |  29.0
               +-------+-------+-------+-------+-------+----------------------

Skill      XL: |  1  2 |
---------------+-------+-----
Dodging        | 1 |  1.3
Long Blades    | 2 |  2.4
Invocations    | 3 |  3.2
Armour         | 2 |  2.0
Fighting       | |  3.1

Action                   || total
-------------------------++-------
Melee: Falchion          ||    65
Throw: Dart              ||     9
Invok: Depart the Abyss  ||     1
Armor: Ring mail         ||    35
       Leather armour    ||     1
       Scale mail        ||     4
Dodge: Dodged            ||    33
       Rpst.: Falchion   ||    12

Vanquished Creatures
  2 gnolls (D:2)
  An ooze (D:1)
  A ball python (D:2)
  A giant cockroach (D:1)
  A hobgoblin (D:1)
  2 jackals (D:1)
  7 bats
  A frilled lizard (D:1)
  3 kobolds (D:1)
  2 rats
21 creatures vanquished.

Vanquished Creatures (collateral kills)
  An ooze (D:2)
1 creature vanquished.

Grand Total: 22 creatures vanquished
